caesar, neutral male human Barbarian -------- ------ |<|>...---....| |^|-.......`.d| |^||.```|...a.| |^||....|.`@a.| |.|------.----| |.| |......| |.------......| |.............| |..-----......| ---- -------- caesar the Bandit Experience level: 7 Strength: 18/04 Dexterity: 17 Constitution: 16 Intelligence: 9 Wisdom: 8 Charisma: 6 Health: 0(60) Energy: 0(0) Def: 1 Gold: 404 Moves: 6562 Dungeon seed: q3GXUgAtmLphDzeL Game ID: caesar_1523617276 Your Inventory: Coins $ - 404 gold pieces Weapons a - a +1 two-handed sword (weapon in hands) b - a +0 axe Armor k - an uncursed +0 pair of gauntlets of power n - an uncursed +0 orcish helm (being worn) z - an uncursed +0 dwarvish cloak N - an uncursed +0 elven mithril-coat Y - an uncursed +0 pair of iron shoes Comestibles c - 3 uncursed food rations f - an uncursed cram ration l - an uncursed tin of spinach o - an uncursed tin of newt meat t - an uncursed lembas wafer v - 2 uncursed GMO apples Scrolls A - an uncursed scroll of earth C - a cursed scroll of earth Spellbooks Z - an uncursed spellbook of jumping Potions h - an uncursed potion of water i - an uncursed potion of enlightenment m - an uncursed potion of paralysis u - 2 uncursed potions of object detection B - an uncursed potion of water G - a potion of holy water Rings x - an uncursed ring of slow digestion Wands w - a wand of slow monster (0:8) V - a wand of digging (0:3) Tools d - an uncursed oil lamp (0:1012) g - an uncursed stethoscope p - 6 uncursed tallow candles (0:200) s - a +0 pick-axe M - an uncursed brass lantern (0:1268) Gems e - an uncursed worthless piece of red glass j - 2 uncursed worthless pieces of orange glass q - 2 uncursed worthless pieces of violet glass r - an uncursed worthless piece of black glass y - 2 uncursed worthless pieces of green glass Spells and supernatural/magical abilities: Name Level Category Fail Memory d - dig 5 matter 100% 12% j - jumping 1 escape 100% 34% W - pray for help -- divine ? -- Your skills at the end: Fighting Skills bare handed combat [Basic] Weapon Skills axe [Basic] two-handed sword [Basic] Spellcasting Skills Final Attributes: You were piously aligned. You were poison resistant. You were fast. You were unlucky. You are dead. Vanquished creatures: a giant mimic 2 small mimics a lizard a dingo a dust vortex a bugbear a wood nymph a rock mole 2 ponies a shrieker 2 gnome lords a golden naga hatchling 2 giant ants a little dog 2 floating eyes a kitten 4 dwarves 2 homunculi 3 kobold lords 4 hill orcs 2 centipedes 3 giant bats 2 orc zombies 3 dwarf zombies 3 wererats a werejackal 5 iguanas 11 killer bees an acid blob a coyote a gas spore 3 hobbits a large kobold 3 hobgoblins 3 giant rats 3 cave spiders a yellow mold 2 red molds 8 gnomes 7 geckos 11 jackals 4 foxes 2 kobolds 2 goblins 5 sewer rats 6 grid bugs 6 lichens 2 kobold zombies 5 newts 141 creatures vanquished. Voluntary challenges: You were an atheist. You used a wielded weapon 145 times, starting on turn 52. You read items or engraved 43 times, starting on turn 1172. You never genocided any monsters. You never polymorphed an object. You never changed form. You used no wishes. You never split a pudding. You wrote Elbereth's name 1 time, starting on turn 5509. You violated your moral code, losing 20 points of alignment, starting on turn 6300. Dungeon overview: The Dungeons of Doom: levels 1 to 8 Level 1 a long staircase Level 2 (vault) a general store, a fountain stairs to The Gnomish Mines Level 3 a general store, some fountains Level 4 a general store Level 5 a fountain, a sink Level 6 many fountains Level 7 stairs to Sokoban Level 8 The Gnomish Mines: Level 3 stairs to The Dungeons of Doom Sokoban: Level 6 <- You were here stairs to The Dungeons of Doom History has recorded: On T:1 you entered the Dungeons of Doom to retrieve the Amulet of Yendor! On T:365 you reached level 2 of The Dungeons of Doom. On T:559 you advanced to experience level 2. On T:654 you reached level 1 of The Gnomish Mines. On T:664 you advanced to experience level 3. On T:711 you advanced to experience level 4. On T:1341 you advanced to experience level 5. On T:3433 you reached level 3 of The Dungeons of Doom. On T:3505 you reached level 4 of The Dungeons of Doom. On T:4220 you advanced to experience level 6. On T:4889 you reached level 5 of The Dungeons of Doom. On T:5244 you advanced to experience level 7. On T:5574 you reached level 6 of The Dungeons of Doom. On T:5617 you reached level 7 of The Dungeons of Doom. On T:5985 you reached level 8 of The Dungeons of Doom. On T:6218 you reached level 4 of Sokoban. Score breakdown: Gold: 404 ( 8869 points) Experience: 7 levels (13645 points) Exploration: 8 levels ( 16.33%) (11456 points) Discoveries: 9 items ( 3.67%) ( 5749 points) Valuables value: (no points given unless you survive) Artifact value: 0 ( 0 points) Variety of kills: 49 monsters ( 12.86%) (10758 points) Turncount: 6562 turns (-1756 points) Survival: died (score multiplied by 80%) Total score: 38976 Latest messages: You hear some noises in the distance. With great effort you move the boulder. The boulder fills a pit. You displace pudgy. With great effort you move the boulder. Pudgy misses the fire ant. The fire ant bites! (2x) You're on fire! With great effort you move the boulder. The fire ant bites! (2x) You're on fire! The fire ant bites! (2x) You're on fire! Pudgy misses the fire ant. With great effort you move the boulder. The fire ant bites! (2x) You're on fire! Pudgy misses the fire ant. The fire ant bites! (2x) You're on fire! The fire ant bites! You die... Final status: Goodbye caesar the Barbarian, killed by a fire ant... You died in Sokoban on dungeon level 6 with 38976 points, and 404 pieces of gold, after 6562 moves. You were level 7 with a maximum of 60 hit points when you died.